 Dungeon Crawl Stone Soup version 0.23.2-1-ga50397a (webtiles) character file.

Game seed: 4068649649970832530

594 MajorAdolf the Ruffian (level 7, -8/71 HPs)
             Began as a Troll Monk on Apr 23, 2019.
             Killed from afar by an orc wizard (10 damage)
             ... with a magic dart
             ... on level 4 of the Dungeon.
             The game lasted 00:06:51 (2621 turns).

MajorAdolf the Ruffian (Troll Monk)                 Turns: 2621, Time: 00:06:52

Health: -8/71      AC:  7    Str: 27    XL:     7   Next: 16%
Magic:  6/6        EV: 11    Int:  6    God:
Gold:   113        SH:  0    Dex: 12    Spells: 6/6 levels left

rFire    . . .     SeeInvis .     - Unarmed
rCold    . . .     Gourm    +   (no shield)
rNeg     . . .     Faith    .   u - +1 robe {Archmagi}
rPois    .         Spirit   .   (helmet restricted)
rElec    .         Reflect  .   (no cloak)
rCorr    .         Harm     .   (gloves unavailable)
MR       .....                  (boots unavailable)
Stlth    ++........             (no amulet)
HPRegen  0.61/turn              (no ring)
MPRegen  0.10/turn              (no ring)

@: mighty, slowed, very slow
A: large, unfitting armour, claws 3, fast metabolism 3, gourmand, regeneration
1, shaggy fur 1, tough skin 3
a: no special abilities


You were on level 4 of the Dungeon.
You were very full.

You visited 1 branch of the dungeon, and saw 4 of its levels.

You collected 113 gold pieces.

Inventory:

Armour
 a - a +0 robe
 u - a +1 robe of the Archmagi (worn)
Jewellery
 h - an uncursed ring of flight {unknown}
Wands
 q - a wand of enslavement (9)
Scrolls
 d - 2 scrolls of remove curse
 j - 2 scrolls of magic mapping
 k - 2 scrolls of amnesia
Potions
 c - 2 potions of magic
 e - a potion of might
 f - 2 potions of degeneration
 l - 2 potions of lignification
 n - a potion of cancellation {unknown}
 r - a potion of curing {unknown}
 s - a potion of brilliance {unknown}
 t - 2 potions of flight {unknown}
 v - a potion of haste {unknown}
Comestibles
 b - 7 rations


   Skills:
 + Level 4.4 Fighting
 + Level 4.4 Dodging
 - Level 1.0 Stealth
 + Level 5.3 Unarmed Combat


You had 6 spell levels left.
You didn't know any spells.
Your spell library was empty.

Dungeon Overview and Level Annotations

Branches:
Dungeon (4/15)
 Temple: D:4-7

Altars:

Annotations:
D:4 Edmund


Innate Abilities, Weirdness & Mutations

You are too large for most types of armour.
You have claws for hands.
Your metabolism is lightning-fast.
You like to eat raw meat.
Your natural rate of healing is unusually fast.
You are covered in fur. (AC +1)
You have extremely tough skin. (AC +3)


Message History

Unknown command.
You closely miss something.
You feel sick. Something hits you but does no damage. Something hits you.
* * * LOW HITPOINT WARNING * * *
Edmund the Younger comes into view.
He is wielding a +5 flail of crushing.
Unknown command.
Edmund shouts!
The orc wizard points at you and mumbles some strange words.
The magic dart hits you.
* * * LOW HITPOINT WARNING * * *
Something hits you.
* * * LOW HITPOINT WARNING * * *
Things that are here:
a +0 dagger; a +0 robe You feel sick.
You are no longer poisoned.
The orc wizard is no longer moving quickly.
The orc wizard casts a spell at you. The magic dart hits you!
You die...

######....#
#...##....#
##...<....#####
###..).......# .=
###..(.#### ...
##....#########...
####.......#.........
#....................
#.###.@.{#..........
# ##.)o@...#..####
#.###......#
##.###......## ###
##............####..
......†.............
#...............##..
#.#....o.....#...#..
..#!.........##..#.#


You could see Edmund and an orc wizard.

Vanquished Creatures
  Sigmund (D:4)
  The ghost of Aske the Cutter, an amateur HaBe of Trog (D:3)
  A crimson imp (D:3)
  2 orc wizards (D:4)
  Jessica (D:3)
  Natasha (D:4)
  2 worker ants
  3 gnolls (D:2)
  3 adders
  An ooze (D:2)
  A worm (D:3)
  2 dart slugs
  A leopard gecko (D:1)
  6 orcs
  2 giant cockroaches
  12 hobgoblins
  A quokka (D:3)
  4 bats (D:2)
  5 frilled lizards
  4 goblins
  11 kobolds
  5 rats
70 creatures vanquished.

Notes
Turn   | Place    | Note
-------+----------+-------------------------------------------
     0 | D:1      | MajorAdolf the Troll Monk began the quest for the Orb.
     0 | D:1      | Reached XP level 1. HP: 22/22 MP: 0/0
    73 | D:1      | Reached XP level 2. HP: 29/29 MP: 1/1
   739 | D:1      | Reached XP level 3. HP: 36/36 MP: 2/2
  1313 | D:2      | Reached XP level 4. HP: 39/45 MP: 3/3
  1717 | D:3      | Reached skill level 4 in Unarmed Combat
  1756 | D:3      | Reached XP level 5. HP: 46/53 MP: 4/4
  1975 | D:3      | Noticed Jessica
  1981 | D:3      | Killed Jessica
  2058 | D:3      | Found a runed translucent door.
  2058 | D:3      | Noticed Aske's ghost (amateur HaBe)
  2092 | D:3      | HP: 1/53 [Aske's ghost (6)]
  2093 | D:3      | Killed Aske's ghost
  2093 | D:3      | Reached XP level 6. HP: 1/62 MP: 5/5
  2494 | D:4      | Noticed Natasha
  2534 | D:4      | Noticed Sigmund
  2553 | D:4      | Killed Sigmund
  2553 | D:4      | Reached skill level 5 in Unarmed Combat
  2604 | D:4      | Reached XP level 7. HP: 44/71 MP: 6/6
  2615 | D:4      | Killed Natasha
  2619 | D:4      | Noticed Edmund
  2620 | D:4      | HP: 3/71 [orc wizard/magic dart (3)]
  2621 | D:4      | Killed from afar by an orc wizard

Skill      XL: |  1  2  3  4  5  6 |
---------------+-------------------+-----
Fighting       | 3 4 |  4.4
Dodging        | 3 4 |  4.4
Unarmed Combat | 4 5 |  5.3
Stealth        | |  1.0

Action                   |  1- 3 |  4- 6 |  7- 9 || total
-------------------------+-------+-------+-------++-------
Melee: Unarmed           |    85 |   125 |    15 ||   225
  Use: Scroll            |       |    11 |       ||    11
       Potion            |       |     1 |       ||     1
 Stab: Sleeping          |     2 |     2 |       ||     4
  Eat: Chunk             |    17 |    11 |       ||    28
Armor: Robe              |    21 |    31 |    18 ||    70
Dodge: Dodged            |    48 |    42 |    12 ||   102
